 Dungeon Crawl Stone Soup version 0.31-a0-1612-g4aaf141004 (webtiles) character file.

Game seed: 10415924278427435045

609 jlumianski the Ruffian (level 7, -1/53 HPs)
             Began as a Gnoll Shapeshifter on Jan 9, 2024.
             Was an Initiate of Wu Jian.
             Slain by a killer bee (4 damage)
             ... on level 6 of the Dungeon.
             The game lasted 00:15:35 (4492 turns).

jlumianski the Ruffian (Gnoll Shapeshifter)         Turns: 4492, Time: 00:15:36

Health: -1/53      AC:  3    Str: 19    XL:     7   Next: 43%
Magic:  10/10      EV: 17    Int: 15    God:    Wu Jian [......]
Gold:   120        SH:  0    Dex: 12    Spells: 11/11 levels left

rFire   . .          .
                       - Unarmed
rCold   + + .        (shield currently unavailable)
rNeg    . . .        e - melded +0 chain mail
rPois   .            i - +1 helmet
rElec   .            B - scarf {repulsion}
rCorr   .            l - +0 pair of gloves
SInv    .            (no boots)
Will    .....        (no amulet)
Stlth   +            s - ring of Wionom {rC+ Will- Str+4 Int+6}
HPRegen 0.28/turn    E - ring of protection from cold
MPRegen 0.12/turn

%: repel missiles
@: flux-form, glowing
A: glow, contaminating, fangs 1, strong nose, distributed training
a: Begin Untransformation, Renounce Religion


You were on level 6 of the Dungeon.
You worshipped Wu Jian.
Wu Jian was noncommittal.
You were something dangerously unstable.
You visited 2 branches of the dungeon, and saw 7 of its levels.

You collected 300 gold pieces.
You spent 180 gold pieces at shops.

Inventory:

Hand Weapons
 o - a +2 long sword of freezing
 w - a +1 dagger of venom
 C - the +7 Throatcutter {drain, coup de grace}
   (You found it on level 6 of the Dungeon)
Missiles
 j - 10 poisoned darts (quivered)
 y - 2 boomerangs
 A - 4 atropa-tipped darts
Armour
 a - a +0 animal skin
 e - a +0 chain mail (melded)
 h - a +1 cloak
 i - a +1 helmet (worn)
 l - a +0 pair of gloves (worn)
 t - a +3 leather armour
 B - a scarf of repulsion (worn)
Magical Staves
 k - a staff of cold
 x - a staff of fire
Jewellery
 s - the ring of Wionom (left hand) {rC+ Will- Str+4 Int+6}
   (You took it off a hobgoblin on level 2 of the Dungeon)

   [ring of protection from cold]

   Str+4:     It affects your strength (+4).
   Int+6:     It affects your intelligence (+6).
   rC+:       It protects you from cold.
   Will-:     It decreases your willpower.
 E - a ring of protection from cold (right hand)
Talismans
 c - a beast talisman
 d - a flux talisman (active)
Scrolls
 f - a scroll of brand weapon {unknown}
 m - a scroll of teleportation
 p - a scroll of revelation {unknown}
 v - a scroll of blinking
 D - a scroll of vulnerability {unknown}
Potions
 b - 2 potions of lignification
 g - a potion of attraction
 n - a potion of magic
 q - a potion of enlightenment
 r - a potion of curing
 u - a potion of might
 z - a potion of brilliance


   Skills:
 + Level 3.7 Fighting
 + Level 2.6 Short Blades
 + Level 2.6 Long Blades
 + Level 2.6 Axes
 + Level 2.6 Maces & Flails
 + Level 2.6 Polearms
 + Level 2.6 Staves
 + Level 2.6 Ranged Weapons
 + Level 2.6 Throwing
 + Level 2.6 Armour
 + Level 5.3 Dodging
 + Level 2.6 Stealth
 + Level 2.6 Shields
 + Level 7.1 Unarmed Combat
 + Level 2.6 Spellcasting
 + Level 2.1 Conjurations
 + Level 2.1 Hexes
 + Level 2.1 Summonings
 + Level 2.1 Necromancy
 + Level 2.1 Translocations
 + Level 2.1 Fire Magic
 + Level 2.1 Ice Magic
 + Level 2.1 Air Magic
 + Level 2.1 Earth Magic
 + Level 2.1 Alchemy
 + Level 2.9 Invocations
 + Level 2.6 Evocations
 + Level 7.0 Shapeshifting


You had 11 spell levels left.
You didn't know any spells.
Your spell library contained the following spells:

 Spells                   Type           Power      Damage    Failure   Level
 Necrotise                Necr           32%        1d5       9%          1
 Vampiric Draining        Necr           8%         2d6       26%         3
 Martyr's Knell           Necr/Summ      8%         N/A       65%         4
 Curse of Agony           Necr           8%         N/A       94%         5


Dungeon Overview and Level Annotations

Branches:
Dungeon (6/15)             Temple (1/1) D:4

Altars:
Ashenzari
Cheibriados
Dithmenos
Elyvilon
Fedhas
Gozag
Hepliaklqana
Kikubaaqudgha
Makhleb
Nemelex Xobeh
Okawaru
Qazlal
Ru
Sif Muna
Trog
Uskayaw
Vehumet
Wu Jian
Zin
The Shining One

Shops:
D:2 *


Innate Abilities, Weirdness & Mutations

You are something dangerously unstable.
You glow with magical radiation, making you easy to see and hit.
Foes you strike become dangerously contaminated with magical radiation.
You are incapable of wielding weapons or throwing items.
You have very sharp teeth.
Your uncanny sense of smell can sniff out nearby items.
Your experience applies equally to all skills.


Message History

The killer bee is lightly wounded.
You feel sick. The killer bee stings you.
* * * LOW HITPOINT WARNING * * *
The killer bee misses you.
You barely miss the killer bee. Your bite misses the killer bee.
The killer bee is lightly wounded.
You feel sick. The killer bee closely misses you.
The killer bee stings you but does no damage.
You feel better. The killer bee closely misses you. The killer bee stings you.
* * * LOW HITPOINT WARNING * * *
The killer bee stings you.
* * * LOW HITPOINT WARNING * * *
The killer bee attacks as it pursues you!
The killer bee closely misses you. The killer bee stings you.
* * * LOW HITPOINT WARNING * * *
There is a stone staircase leading down here.
The killer bee stings you.
* * * LOW HITPOINT WARNING * * *
The killer bee misses you.
You climb downwards.
There is a stone staircase leading up here.
You closely miss the killer bee.
The killer bee is lightly wounded.
The killer bee misses you. The killer bee closely misses you. x2
You hit the killer bee.
The killer bee glows dangerously bright.
The killer bee is lightly wounded.
The killer bee completely misses you. The killer bee stings you!
* * * LOW HITPOINT WARNING * * *
The killer bee closely misses you.
You hit the killer bee.
The killer bee shudders as magic cascades through it!!
You kill the killer bee!
The Council accepts your kill. The killer bee closely misses you.
The killer bee barely misses you.
Your Shapeshifting skill increases to level 7!
You hit the killer bee but do no damage.
The killer bee begins to glow.
The killer bee closely misses you. The killer bee stings you.
You die...

#........## ∆
#.........# #...(.....#
#.........#
#.........#.
#########...........#
#.........##.########
#........†##.##....#
#.........##.#..p#.##.
#.........##.#.†.y....#
'.........'..........>#
#.........##.##.##.##.#
############....# .# #
# ###### .. # ## # ∆ #


You could see a killer bee (contam).

Vanquished Creatures
  A black bear (D:6)
  A scorpion (D:4)
  3 killer bees
  A howler monkey (D:4)
  A bombardier beetle (D:4)
  2 iguanas (D:4)
  An orc wizard (D:4)
  5 gnolls
  4 adders
  2 ribbon worms
  4 dart slugs
  9 orcs
  A bat (D:1)
  4 endoplasms
  4 giant cockroaches
  7 goblins
  6 hobgoblins
  5 jackals
  6 kobolds
  3 quokkas
  3 ball pythons
  7 frilled lizards
  9 rats
89 creatures vanquished.

Notes
Turn   | Place    | Note
-------+----------+-------------------------------------------
     0 | D:1      | jlumianski the Gnoll Shapeshifter began the quest for the
                  | Orb.
     0 | D:1      | Reached XP level 1. HP: 17/17 MP: 1/1
   114 | D:1      | Reached XP level 2. HP: 5/23 MP: 2/2
   430 | D:1      | Reached XP level 3. HP: 11/28 MP: 2/4
   503 | D:1      | You fall into a shaft and drop 1 floor!
   717 | D:1      | Reached skill level 1 in Invocations
   957 | D:1      | Reached skill level 1 in Short Blades
   957 | D:1      | Reached skill level 1 in Long Blades
   957 | D:1      | Reached skill level 1 in Axes
   957 | D:1      | Reached skill level 1 in Maces & Flails
   957 | D:1      | Reached skill level 1 in Polearms
   957 | D:1      | Reached skill level 1 in Staves
   957 | D:1      | Reached skill level 1 in Ranged Weapons
   957 | D:1      | Reached skill level 1 in Throwing
   957 | D:1      | Reached skill level 1 in Armour
   957 | D:1      | Reached skill level 1 in Stealth
   957 | D:1      | Reached skill level 1 in Shields
   957 | D:1      | Reached skill level 1 in Spellcasting
   957 | D:1      | Reached skill level 1 in Evocations
  1318 | D:2      | Reached XP level 4. HP: 34/34 MP: 5/5
  1328 | D:2      | Reached skill level 1 in Conjurations
  1328 | D:2      | Reached skill level 1 in Hexes
  1328 | D:2      | Reached skill level 1 in Summonings
  1328 | D:2      | Reached skill level 1 in Necromancy
  1328 | D:2      | Reached skill level 1 in Translocations
  1328 | D:2      | Reached skill level 1 in Fire Magic
  1328 | D:2      | Reached skill level 1 in Ice Magic
  1328 | D:2      | Reached skill level 1 in Air Magic
  1328 | D:2      | Reached skill level 1 in Earth Magic
  1328 | D:2      | Reached skill level 1 in Alchemy
  1409 | D:2      | Identified the ring of Wionom {rC+ Will- Str+4 Int+6}
  1535 | D:2      | Found Zerghu's General Store.
  1847 | D:2      | Found a faded altar of an unknown god.
  1997 | D:2      | Bought a scroll of blinking for 90 gold pieces
  2164 | D:4      | Reached XP level 5. HP: 39/40 MP: 7/7
  2258 | D:4      | Found a sacrificial altar of Ru.
  2299 | D:4      | Found a snail-covered altar of Cheibriados.
  2719 | D:3      | Found a shimmering blue altar of Sif Muna.
  2900 | D:2      | Bought a scroll of enchant armour for 90 gold pieces
  3370 | D:5      | Entered Level 5 of the Dungeon
  3370 | D:5      | Noticed a black bear
  3576 | D:4      | Reached XP level 6. HP: 38/47 MP: 8/8
  3667 | D:4      | Found a staircase to the Ecumenical Temple.
  3677 | Temple   | Entered the Ecumenical Temple
  3759 | Temple   | Became a worshipper of the Wu Jian Council
  3901 | D:4      | Reached skill level 5 in Dodging
  4280 | D:5      | Found a hazy altar of Hepliaklqana.
  4357 | D:6      | Found the +7 Throatcutter {drain, coup de grace}
  4381 | D:6      | Noticed a black bear
  4389 | D:6      | Killed a black bear
  4390 | D:6      | Reached XP level 7. HP: 47/52 MP: 10/10
  4490 | D:6      | HP: 2/51 [killer bee (7)]
  4492 | D:6      | Slain by a killer bee

Illustrated notes

Levels and vault maps discovered:
D:1:      kilobyte_arrival_exit_the_forest, layout_loops_cross
D:2:      layout_loops_ring, serial_shops, nicolae_shop_statue_plus,
          chequers_ecumenical_altar_grove
D:3:      layout_basic, mainiacjoe_overflow_24_doors,
          nicolae_concentric_dashed_squares_mild
D:4:      layout_loops_ring, mainiacjoe_overflow_two_lobes,
          minmay_temple_entry_sparse_star
D:5:      layout_cave_pools, amcnicky_altar_gilded, uniq_pikel, uniq_eustachio,
          uniq_edmund
D:6:      layout_basic
Temple:   eino_temple_scatter_basement

Skill      XL: |  1  2  3  4  5  6  7 |
---------------+----------------------+-----
Invocations    | 1 2 |  2.9
Short Blades   | 1 2 |  2.6
Long Blades    | 1 2 |  2.6
Axes           | 1 2 |  2.6
Maces & Flails | 1 2 |  2.6
Polearms       | 1 2 |  2.6
Staves         | 1 2 |  2.6
Ranged Weapons | 1 2 |  2.6
Throwing       | 1 2 |  2.6
Armour         | 1 2 |  2.6
Stealth        | 1 2 |  2.6
Shields        | 1 2 |  2.6
Spellcasting   | 1 2 |  2.6
Evocations     | 1 2 |  2.6
Conjurations   | 1 2 |  2.1
Hexes          | 1 2 |  2.1
Summonings     | 1 2 |  2.1
Necromancy     | 1 2 |  2.1
Translocations | 1 2 |  2.1
Fire Magic     | 1 2 |  2.1
Ice Magic      | 1 2 |  2.1
Air Magic      | 1 2 |  2.1
Earth Magic    | 1 2 |  2.1
Alchemy        | 1 2 |  2.1
Fighting       | 3 |  3.7
Dodging        | 5 |  5.3
Unarmed Combat | 7 |  7.1
Shapeshifting  | 7 |  7.0

Action                     |  1- 3 |  4- 6 |  7- 9 || total
---------------------------+-------+-------+-------++-------
  Melee: Unarmed           |    80 |   128 |    31 ||   239
         Bite              |     5 |    11 |     4 ||    20
         Punch             |     4 |     3 |       ||     7
Ability: Lunge             |       |     3 |       ||     3
    Use: Scroll            |       |     8 |       ||     8
         Potion            |       |     1 |     1 ||     2
 Armour: Animal skin       |    17 |       |       ||    17
         Chain mail        |    46 |    34 |       ||    80
         Skin              |       |    29 |    21 ||    50
  Dodge: Dodged            |    31 |    69 |    42 ||   142
   Form: Flux              |       |     1 |       ||     1

Table legend: (Time is in decaauts)
 A = Elapsed time spent in this place.
 B = Non-inter-level travel time spent in this place.
 C = Inter-level travel time spent in this place.
 D = Time resting spent in this place.
 E = Time spent auto-exploring this place.
 F = Levels seen in this place.
 G = Mean time per level.
                   A        B        C        D        E       F      G
               +--------+--------+--------+--------+--------+-----+--------+
         Total |   4473 |   4051 |    422 |    288 |   2262 |   7 |  639.0 |
       Dungeon |   4354 |   3932 |    422 |    288 |   2262 |   6 |  725.7 |
        Temple |    119 |    119 |      0 |      0 |      0 |   1 |  119.0 |
               +--------+--------+--------+--------+--------+-----+--------+

Top non-repeatable levels by time:
     D:3: 1062 daAuts
     D:1: 1055 daAuts
     D:2: 1025 daAuts
     D:4: 957 daAuts
     D:5: 159 daAuts
  Temple: 119 daAuts
     D:6: 94 daAuts
